[Event "Late-Titled-Tuesday-Blitz-June-04-2024"]
[Site "Chess.com"]
[Date "2024.06.04"]
[Round "9"]
[White "Agustin_Meza"]
[Black "Heinza9"]
[Result "1-0"]
[WhiteElo "2199"]
[BlackElo "2329"]
[TimeControl "180+1"]
[EndTime "15:43:24 PDT"]
[Termination "Agustin_Meza won by checkmate"]

1. e4 e6 2. d4 d5 3. exd5 exd5 4. c4 Nf6 5. Nf3 Bb4+ 6. Bd2 Bxd2+ 7. Nbxd2 O-O 8.
Be2 dxc4 9. Nxc4 Be6 10. Ne3 c6 11. O-O Nbd7 12. Qc2 Nb6 13. Rad1 Nbd5 14. Nxd5 Bxd5 15. Rfe1 Re8 16. Ne5 Qc8 17. Bf3 Bxf3 18. Nxf3 Nd5 19. h3 Qc7 20. Re4 Rxe4 21. Qxe4 Nf6 22. Qf5 Rd8 23.
Re1 Qd7 24. Qf4 h6 25. a3 Qd6 26. Re5 Nd5 27. Qe4 Nf6 28. Qf5 Qd7 29. Qf4 Qc7 30.
Nh4 Rd5 31. Nf5 Rxe5 32. dxe5 Ne8 33. Qg4 Kf8 34. Qb4+ c5 35. Qe4 b5 36. Ne3 c4 37.
Qd5 a6 38. Nf5 Qc8 39. Nd4 Kg8 40. Nc6 Nc7 41. Qd6 Kh7 42. Ne7 Qb7 43. Qd7 Qb6 44. Qf5+ g6 45. Qxf7+ Kh8 46. Qg8# 1-0

[Event "Late-Titled-Tuesday-Blitz-June-04-2024"]
[Site "Chess.com"]
[Date "2024.06.04"]
[Round "9"]
[White "Kirill_Klukin"]
[Black "lachesisQ"]
[Result "0-1"]
[WhiteElo "2841"]
[BlackElo "3037"]
[TimeControl "180+1"]
[EndTime "15:43:26 PDT"]
[Termination "lachesisQ won on time"]

1. d4 Nf6 2. Nf3 g6 3. e3 Bg7 4. Be2 d5 5. O-O O-O 6. b4 a5 7. b5 Ne4 8. Bb2 c5 9. bxc6 Nxc6 10. Nbd2 Bf5 11. c4 a4 12. Nxe4 Bxe4 13. Nd2 Bf5 14. Ba3 Re8 15. Rc1 h5 16. cxd5 Qxd5 17. Nc4 Qd8 18.
Bf3 Ra6 19. Qe2 e5 20. Qd1 exd4 21. Nd6 dxe3 22. fxe3 Rxe3 23. Bc5 Re5 24. Nxb7 Qxd1 25. Rfxd1 Bg4 26. Bxg4 hxg4 27. Rc2 Rf5 28. Nd6 Rxc5 29. Rxc5 Bd4+ 30. Rxd4 Nxd4 31. Rc8+ Kg7 32. Ne8+ Kh6 33.
Rd8 Nf5 34. Nc7 Rc6 35. Nd5 Rc1+ 36. Kf2 Rc2+ 37. Kf1 Rxa2 38. Ra8 a3 39. Nf6 Ne3+ 40. Ke1 Nxg2+ 41. Kd1 Ne3+ 42. Kc1 Rc2+ 43. Kb1 Rb2+ 44. Kc1 Rc2+ 45. Kb1 Rf2 46. Ne4 Rb2+ 47. Kc1 Rb4 48. Nf2 Rb3 49. Ra4 f5 50. Ra6 Kg5 0-1

[Event "Late-Titled-Tuesday-Blitz-June-04-2024"]
[Site "Chess.com"]
[Date "2024.06.04"]
[Round "9"]
[White "The_Sherman_Variation"]
[Black "AradNazari"]
[Result "0-1"]
[WhiteElo "2597"]
[BlackElo "2729"]
[TimeControl "180+1"]
[EndTime "15:43:28 PDT"]
[Termination "AradNazari won on time"]

1. e4 a6 2. d4 h6 3. Nf3 e6 4. Nc3 d5 5. e5 c5 6. Be3 Nc6 7.
dxc5 Nge7 8. a3 Nf5 9. Bd4 Nfxd4 10. Nxd4 Bxc5 11. Nxc6 bxc6 12. Bd3 Qg5 13. O-O Qxe5 14.
Qg4 O-O 15. Rae1 Qf6 16. Qe2 Bd4 17. Na4 Bxb2 18. c3 Bxa3 19. Bc2 Bd6 20. Qd3 g6 21. g3 a5 22. Qe3 Ba6 23. Bd3 Bxd3 24. Qxd3 e5 25.
c4 e4 26. Qc2 Rab8 27. Rd1 Qe6 28. Qd2 Kg7 29. cxd5 cxd5 30. Qxd5 Qxd5 31. Rxd5 Bb4 32.
Rfd1 Rfe8 33. Rd7 e3 34. fxe3 Rxe3 35. Rc7 Re7 36. Rc4 Rbe8 37. Kg2 Re2+ 38. Kh3 Ra2 39.
Nb6 Ree2 40. Rh1 h5 41. Nd5 Rab2 42. Nf4 Re7 43. Rd1 Ra7 44. Ra1 Be7 45. Raa4 Rb4 46.
Nd5 Rxc4 47. Rxc4 Rd7 48. Nb6 Rd2 49. Ra4 Bb4 50. Ra1 Rc2 51. Nd5 Bd2 52. Ra4 f5 53. Nb6 Be3 0-1

[Event "Late-Titled-Tuesday-Blitz-June-04-2024"]
[Site "Chess.com"]
[Date "2024.06.04"]
[Round "9"]
[White "cthulhuuu"]
[Black "VirtualCoach"]
[Result "1-0"]
[WhiteElo "2442"]
[BlackElo "2234"]
[TimeControl "180+1"]
[EndTime "15:43:28 PDT"]
[Termination "cthulhuuu won by checkmate"]

1. e4 c5 2. Nf3 d6 3. g3 g6 4. Bg2 Bg7 5. O-O Nc6 6. d3 e5 7.
Nc3 Nge7 8. Nd2 O-O 9. Nc4 a6 10. a4 Rb8 11. a5 Be6 12. Nd5 f5 13. c3 Kh8 14. f4 fxe4 15. dxe4 Na7 16. fxe5 dxe5 17.
Bg5 Nac6 18. Nxe7 Qxd1 19. Raxd1 Bxc4 20. Rxf8+ Bxf8 21. Nxc6 bxc6 22. Bf1 Bxf1 23. Kxf1 h6 24. Bf6+ Bg7 25. Bxg7+ Kxg7 26. Rd7+ Kf6 27. Rd2 Rb5 28. Ke2 Rxa5 29. Rd6+ Kg5 30. Rxc6 Rb5 31. Kf3 Rxb2 32. h4+ Kh5 33. g4+ Kxh4 34. Rxg6 h5 35. Rh6 Rf2+ 36. Kxf2 Kxg4 37. Rxa6 Kf4 38. Rc6 Kxe4 39. Rxc5 h4 40.
Kg2 Kf4 41. Kh3 e4 42. Rc7 e3 43. Re7 Kf3 44. c4 e2 45. c5 Kf2 46. c6 e1=Q 47. Rxe1 Kxe1 48. c7 Kf2 49. c8=Q Kg1 50. Qg4+ Kh1 51. Qg2# 1-0

[Event "Late-Titled-Tuesday-Blitz-June-04-2024"]
[Site "Chess.com"]
[Date "2024.06.04"]
[Round "9"]
[White "TanitoluwaAps116"]
[Black "The_Straightforward_Rook"]
[Result "1-0"]
[WhiteElo "2693"]
[BlackElo "2539"]
[TimeControl "180+1"]
[EndTime "15:43:29 PDT"]
[Termination "TanitoluwaAps116 won on time"]

1. Nf3 d5 2. b3 Nf6 3. Bb2 Bf5 4. d3 e6 5. Nh4 Bd6 6. g3 Nbd7 7. Bg2 c6 8. Nd2 a5 9. a4 Bg4 10. h3 Bh5 11. O-O O-O 12. Qe1 e5 13. e3 Re8 14. f4 exf4 15. gxf4 Bc5 16. Nf5 Bg6 17. Nd4 Bxd4 18. Bxd4 c5 19. Bb2 d4 20. e4 Nd5 21.
f5 Ne3 22. fxg6 hxg6 23. Qg3 Nxf1 24. Rxf1 Ne5 25. h4 Ra6 26. Ba3 Rc6 27. Bh3 b6 28. Kg2 Rf6 29. Bc1 Rxf1 30. Nxf1 Kh7 31. Bf4 f6 32. Nd2 Qe7 33. Bxe5 Qxe5 34. Qxe5 Rxe5 35. Nc4 Rh5 36. Kg3 g5 37. hxg5 Rxg5+ 38. Bg4 g6 39. Kf4 Kh6 40. Nd6 Kg7 41. Nc8 Kh6 42. Ne7 Re5 43.
Nd5 Kg7 44. Nxb6 Re8 45. Nc4 Rh8 46. Nxa5 Rh2 47. Nc4 Rxc2 48. a5 Ra2 49. Bc8 g5+ 50. Kg4 Rg2+ 51. Kf3 Ra2 52. a6 Kg6 53. Nb6 Kh5 54.
Na4 Kh4 55. a7 1-0

[Event "Late-Titled-Tuesday-Blitz-June-04-2024"]
[Site "Chess.com"]
[Date "2024.06.04"]
[Round "9"]
[White "SaraciNderim"]
[Black "RealPerangel"]
[Result "0-1"]
[WhiteElo "2882"]
[BlackElo "2772"]
[TimeControl "180+1"]
[EndTime "15:43:31 PDT"]
[Termination "RealPerangel won by resignation"]

1. b3 Nf6 2. Bb2 g6 3. e3 Bg7 4. Nf3 O-O 5. d4 c5 6. dxc5 Qa5+ 7. c3 Qxc5 8. Ba3 Qa5 9. Bxe7 Re8 10. Bxf6 Bxf6 11. Qd2 d5 12. Be2 Bf5 13. Nd4 Bxb1 14. Rxb1 Nc6 15. b4 Qc7 16. O-O Rac8 17. Rfd1 Ne5 18.
Nb5 Qb6 19. Qxd5 Red8 20. Nd6 Rc6 21. Ne4 Rxd5 22. Rxd5 Bg7 23. Rbd1 Rc8 24. h3 h6 25. Nc5 Re8 26. a3 Qc7 27. f4 Nc6 28. Rd7 Qc8 29. Kf2 Nd8 30. Bg4 b6 31. R7d5 f5 32. Be2 bxc5 33. Bb5 Rf8 34. Rxc5 Qb8 35. Rd7 Qb6 36. Bc4+ Kh8 37. Rcc7 Qf6 38. g4 fxg4 39. hxg4 Qxc3 40. Kf3 Re8 41. Bd3 Qd2 42. Be4 Qb2 43. Rxg7 Qxg7 44.
Rxg7 Kxg7 45. Bd5 Ne6 46. a4 Nc7 47. Bc6 Rd8 48. b5 Rd3 49. a5 Rb3 50. b6 axb6 51. axb6 Rxb6 52. Be4 Kf6 0-1

[Event "Late-Titled-Tuesday-Blitz-June-04-2024"]
[Site "Chess.com"]
[Date "2024.06.04"]
[Round "9"]
[White "ZverevLev"]
[Black "AlexeiShirov"]
[Result "0-1"]
[WhiteElo "2666"]
[BlackElo "2896"]
[TimeControl "180+1"]
[EndTime "15:43:31 PDT"]
[Termination "AlexeiShirov won on time"]

1. e4 e5 2. Nf3 Nc6 3. Bc4 Nf6 4. d3 Bc5 5. O-O O-O 6. h3 h6 7. c3 d5 8. exd5 Nxd5 9. Re1 Re8 10. d4 Nb6 11.
Bxf7+ Kxf7 12. dxc5 Qxd1 13. Rxd1 Na4 14. Na3 Nxc5 15. Be3 Ne4 16. Nb5 Re7 17. Nd2 Nf6 18. Bc5 Rd7 19. Nc4 Ne8 20. Rxd7+ Bxd7 21. Re1 b6 22. Be3 a6 23. Nba3 Nf6 24. f4 Re8 25. fxe5 Nxe5 26. Bf2 Nd3 27. Rxe8 Kxe8 28. Bg3 Nd5 29. Nc2 Kd8 30. N4e3 Nxe3 31. Nxe3 Nxb2 32. Nd5 Be6 33. Nxc7 Bc4 34. Be5 Na4 35. Kf2 Kd7 36. Na8 g6 37. Ke3 Bxa2 38. Kd4 Kc6 39. Nc7 a5 40. c4 Nc5 41. Nb5 Bb1 42. Kc3 Be4 43. Nd4+ Kd7 44. g3 g5 45. Bg7 h5 46. g4 hxg4 47.
hxg4 Bg2 48. Bf6 Bh3 49. Kc2 Ne4 50. Be5 Bxg4 51. Nb3 Bf5 0-1

[Event "Late-Titled-Tuesday-Blitz-June-04-2024"]
[Site "Chess.com"]
[Date "2024.06.04"]
[Round "9"]
[White "ChessQueen"]
[Black "Likvidator228"]
[Result "1-0"]
[WhiteElo "2738"]
[BlackElo "2597"]
[TimeControl "180+1"]
[EndTime "15:43:31 PDT"]
[Termination "ChessQueen won by resignation"]

1. e4 c5 2. d4 cxd4 3. Qxd4 Nc6 4. Qd3 Nf6 5. Nc3 g6 6. Nf3 d6 7. Be2 Bg7 8. O-O O-O 9. Nd5 Nxd5 10. exd5 Ne5 11. Nxe5 Bxe5 12. c3 Bf5 13. Qb5 Qd7 14. Qb4 Qc7 15. Bh6 Bg7 16. Bxg7 Kxg7 17. Rfe1 Qb6 18. Qxb6 axb6 19. Bc4 Kf6 20. Rad1 Bd7 21. Rd4 Rfe8 22. Rf4+ Kg7 23. Rfe4 Kf6 24. Bb3 e5 25. f4 exf4 26. Rxf4+ Kg7 27. Rxe8 Rxe8 28. Kf2 f5 29. Rb4 b5 30. Bd1 Re5 31. Bf3 Kf6 32. a4 bxa4 33. Rxb7 Re7 34. Ra7 g5 35. Bd1 Ke5 36. Bxa4 Kxd5 37. Rxd7 Re4 38. Bb3+ Kc6 39. Rxh7 Rf4+ 40.
Kg1 Re4 41. Bc2 Re2 42. Bxf5 Rxb2 43. h4 gxh4 44. Rxh4 Rb3 45. Rc4+ Kd5 46. Rc8 Ke5 47. Bg6 d5 48. Kh2 Kf4 49. Bf7 Ke5 50. Rc5 Rb2 51. Rxd5+ Kf6 52. Rd7 Kg5 53. c4 Kf4 54. c5 Ke3 55. c6 Kf2 56. Bd5 Rb4 57. Rf7+ Ke3 58. c7 Rh4+ 59. Kg3 Rh8 60. Re7+ 1-0

[Event "Late-Titled-Tuesday-Blitz-June-04-2024"]
[Site "Chess.com"]
[Date "2024.06.04"]
[Round "9"]
[White "yaguigor"]
[Black "pavelalexandru07"]
[Result "1-0"]
[WhiteElo "2607"]
[BlackElo "2455"]
[TimeControl "180+1"]
[EndTime "15:43:32 PDT"]
[Termination "yaguigor won by resignation"]

1. e4 c5 2. Nf3 d6 3. d4 cxd4 4.
Nxd4 Nf6 5. Nc3 a6 6. f3 e5 7. Nb3 Be6 8. Be3 h5 9. Qd2 Nbd7 10.
Nd5 Bxd5 11. exd5 g6 12. Be2 Bg7 13. O-O e4 14. f4 Ng4 15. Bxg4 hxg4 16. f5 Qh4 17. g3 Qh5 18. fxg6 Qxg6 19. Nd4 Ne5 20. Nf5 Nf3+ 21. Rxf3 gxf3 22. Nxg7+ Qxg7 23. Bd4 Qh6 24. Be3 Qh3 25. Bg5 Kd7 26. Rf1 Rag8 27. Rf2 f6 28.
Bf4 Qf5 29. c4 Rh4 30. Be3 Rhg4 31. Kf1 R4g7 32. Ke1 Ke8 33. Qb4 Qd7 34. Qb6 Kf7 35. b3 Kg6 36. Qd4 Kh7 37. Qxe4+ f5 38. Qxf3 Re7 39.
Kd2 Rge8 40. Qh5+ Kg8 41. Bd4 Re5 42. Qg6+ Kh8 43. Qf6+ Kg8 44. Bxe5 dxe5 45. Rxf5 Qg7 46. Rg5 Qxg5+ 47. Qxg5+ Kf7 48. Qf5+ Ke7 49. Qxe5+ Kd8 50.
Qxe8+ Kxe8 1-0

[Event "Late-Titled-Tuesday-Blitz-June-04-2024"]
[Site "Chess.com"]
[Date "2024.06.04"]
[Round "9"]
[White "Abund"]
[Black "Tunahan_Makaraci"]
[Result "0-1"]
[WhiteElo "2783"]
[BlackElo "2586"]
[TimeControl "180+1"]
[EndTime "15:43:33 PDT"]
[Termination "Tunahan_Makaraci won by checkmate"]

1. e4 Nf6 2. e5 Nd5 3. d4 d6 4. Nf3 Nb6 5. a4 a5 6. h3 g6 7. Be2 Bg7 8. O-O O-O 9. Nc3 Nc6 10. exd6 cxd6 11. Nb5 Bf5 12. c3 h6 13. Be3 Nd5 14. Bd2 Nc7 15. Na3 e5 16. dxe5 dxe5 17. Be3 Nd5 18. Bc5 Re8 19. Bc4 Be6 20. Bb5 Nf4 21. Qc2 Bf5 22. Qb3 Be4 23. Rfd1 Qf6 24. Ne1 Qg5 25. Be3 Nxh3+ 26. Kf1 Nf4 27. Rd7 Bxg2+ 28.
Nxg2 Qxg2+ 29. Ke1 Rf8 30. Rad1 Rad8 31. R1d6 Rxd7 32. Rxd7 h5 33. Bc4 Nd8 34. Bb6 Nde6 35.
Nc2 h4 36. Bf1 Qe4+ 37. Ne3 h3 38. Bxh3 Nxh3 39. Bxa5 Bh6 40. Bb4 Bxe3 41. Bxf8 Bxf2+ 42. Kd1 Qf3+ 43. Kc2 Nxf8 44. Rd8 Qf5+ 45. Kd1 Kg7 46.
Qb4 Ne6 47. Ra8 Qd3+ 48. Kc1 Be3# 0-1

[Event "Late-Titled-Tuesday-Blitz-June-04-2024"]
[Site "Chess.com"]
[Date "2024.06.04"]
[Round "9"]
[White "DishonorOnYourCow"]
[Black "HajiyevKanan"]
[Result "1/2-1/2"]
[WhiteElo "2577"]
[BlackElo "2517"]
[TimeControl "180+1"]
[EndTime "15:43:34 PDT"]
[Termination "Game drawn by stalemate"]

1. d4 d5 2. c4 c6 3. Nf3 Nf6 4. e3 Bf5 5. Nc3 e6 6. Nh4 Bg4 7. Qb3 Qb6 8. c5 Qc7 9. f3 Bh5 10. g4 Bg6 11. Bd2 Be7 12. Nxg6 hxg6 13. O-O-O b6 14.
cxb6 axb6 15. Kb1 Nbd7 16. h4 b5 17. g5 Nh5 18. Rc1 Qb7 19. Ne2 Nb6 20. Nf4 Nxf4 21.
exf4 Nc4 22. Bxc4 dxc4 23. Rxc4 Ra6 24. Rcc1 Qd7 25. Bb4 Qd5 26. Qxd5 exd5 27. Rhe1 Ra7 28. Rxc6 Rxh4 29. Rc8+ Kd7 30. Rxe7+ Kxc8 31. Rxa7 Rxf4 32. Bd6 Rxf3 33. Be5 f6 34. Rf7 Rf1+ 35. Kc2 Rf2+ 36. Kc1 Rf1+ 37. Kc2 Rf2+ 38. Kb3 Rf3+ 39. Kb4 Rf5 40.
gxf6 gxf6 41. Rxf6 Rg5 42. Kxb5 Rg2 43. b4 Rxa2 44.
Kc5 g5 45. Kxd5 Rb2 46. Kc5 g4 47. Rg6 Rc2+ 48. Kb6 Rg2 49. Rg8+ Kd7 50. b5 Ke6 51. Kb7 Kf7 52. Rg7+ Ke6 53. b6 Rb2 54. Rc7 Kf5 55. Rc3 Rb5 56. Kc7 Rb1 57. b7 Ke4 58. b8=Q Rxb8 59. Kxb8 Kf5 60. Rg3 Ke6 61. Kc7 Kd5 62.
Kd7 Ke4 63. Ke6 1/2-1/2

[Event "Late-Titled-Tuesday-Blitz-June-04-2024"]
[Site "Chess.com"]
[Date "2024.06.04"]
[Round "9"]
[White "Larax"]
[Black "krzyzan94"]
[Result "0-1"]
[WhiteElo "2536"]
[BlackElo "2802"]
[TimeControl "180+1"]
[EndTime "15:43:35 PDT"]
[Termination "krzyzan94 won on time"]

1. e4 e6 2. d4 d5 3. Nc3 dxe4 4. Nxe4 Bd7 5. Bd3 Bc6 6. Nf3 Nd7 7. O-O Bxe4 8. Bxe4 c6 9. Bf4 Ngf6 10. Bd3 Be7 11. c3 O-O 12. h3 Re8 13. Bc2 g6 14. Qd3 Nd5 15. Bh2 Bf8 16. Rad1 a5 17. a3 b5 18.
Rfe1 N5b6 19. Bb3 Rc8 20. Qe4 a4 21. Ba2 Qf6 22. Bg3 h6 23. Qe2 Nd5 24. Nd2 Qd8 25. Ne4 N7b6 26. Be5 f5 27. Nd2 Bg7 28. Bh2 g5 29.
Nf3 Qf6 30. Ne5 Kh7 31. Nd3 f4 32. Qe4+ Qg6 33. Qxg6+ Kxg6 34. Kh1 Kf7 35. Bg1 Nc4 36. Bxc4 bxc4 37. Nc5 Bf8 38. Nxa4 Ra8 39. Nc5 Bxc5 40.
dxc5 Reb8 41. Re2 f3 42. gxf3 Rb5 43. f4 Nxf4 44. Red2 Nd3 45. f3 Rb3 46. Bd4 Kg6 47. Re2 Kf5 48. Kg2 Rab8 49. Kg3 Rxb2 50. Rdd2 Rxd2 51. Rxd2 Rb1 52. Ra2 Nc1 0-1

[Event "Late-Titled-Tuesday-Blitz-June-04-2024"]
[Site "Chess.com"]
[Date "2024.06.04"]
[Round "9"]
[White "NikitaShnadrygin"]
[Black "LeninGuerra"]
[Result "1-0"]
[WhiteElo "2712"]
[BlackElo "2558"]
[TimeControl "180+1"]
[EndTime "15:43:45 PDT"]
[Termination "NikitaShnadrygin won on time"]

1. e4 c5 2. b4 cxb4 3. a3 bxa3 4.
Nxa3 d6 5. d4 e6 6. Nf3 Nf6 7.
Bd3 Be7 8. O-O Nc6 9. c3 e5 10.
Nc4 Bg4 11. d5 Nb8 12. Qb3 Nbd7 13. Qxb7 O-O 14. Qb1 Bxf3 15. gxf3 Nh5 16. Na5 Bg5 17. Nc6 Qf6 18. Be3 Qxf3 19. Qd1 Qxd1 20. Rfxd1 Bxe3 21. fxe3 Nc5 22. Bc2 g6 23. Nxa7 Rfb8 24. c4 Rb2 25. Rdc1 Nf6 26. h4 Kg7 27. Bd1 Nfxe4 28.
Nb5 Rxa1 29. Rxa1 Rd2 30. Bf3 Rd3 31. Bxe4 Nxe4 32. Re1 Kf6 33. Rf1+ Ke7 34. Ra1 Rxe3 35.
Ra7+ Kf6 36. Rd7 Re1+ 37. Kg2 Rc1 38. Nxd6 Rc2+ 39. Kf3 Nd2+ 40. Kg3 e4 41. Rc7 Rc3+ 42.
Kf2 e3+ 43. Ke2 Ke5 44. Nxf7+ Kd4 45. Ng5 Nxc4 46. Nf3+ Kxd5 47. Rd7+ 1-0

[Event "Late-Titled-Tuesday-Blitz-June-04-2024"]
[Site "Chess.com"]
[Date "2024.06.04"]
[Round "9"]
[White "WPWPWP-2015"]
[Black "Jagerrmeisterr"]
[Result "0-1"]
[WhiteElo "2539"]
[BlackElo "2683"]
[TimeControl "180+1"]
[EndTime "15:43:45 PDT"]
[Termination "Jagerrmeisterr won by checkmate"]

1. e4 c6 2. d4 d5 3. Nc3 g6 4.
h3 Bg7 5. Nf3 dxe4 6. Nxe4 Nf6 7. Bd3 O-O 8. O-O Nxe4 9. Bxe4 Nd7 10. c3 Nf6 11. Bc2 b6 12. Re1 Bb7 13. Qe2 e6 14. a4 c5 15. dxc5 bxc5 16. Rd1 Qc7 17. a5 Rad8 18. a6 Bd5 19. Be3 Rb8 20. Rdb1 Nd7 21.
Ra4 c4 22. Rb4 Rxb4 23. cxb4 Rb8 24. Bd2 Rb6 25. Bc3 Rxa6 26. Bxg7 Kxg7 27. Nd4 Rb6 28. Qd2 Nf6 29. Ra1 e5 30. Ne2 Qb7 31. f3 Rxb4 32. Qc3 Qb6+ 33. Kh2 Nd7 34. Ra2 a5 35.
Ng3 Qf2 36. Ne4 Bxe4 37. Bxe4 f6 38. Rxa5 Rxb2 39. Qxb2 Qxb2 40. Ra7 Qd4 41. Rb7 f5 42. Bc6 c3 43. Rxd7+ Qxd7 44. Bxd7 c2 45. Ba4 c1=Q 46. Bb3 Qf4+ 47. Kg1 Qb4 48. Kh2 Kf6 49. h4 Qxb3 50.
Kh3 g5 51. hxg5+ Kxg5 52. Kg3 f4+ 53. Kh3 e4 54. Kh2 exf3 55. gxf3 Qxf3 56. Kg1 Qe2 57.
Kh1 Kg4 58. Kg1 Kg3 59. Kh1 Qg2# 0-1

[Event "Late-Titled-Tuesday-Blitz-June-04-2024"]
[Site "Chess.com"]
[Date "2024.06.04"]
[Round "9"]
[White "Statham_01"]
[Black "subham777"]
[Result "0-1"]
[WhiteElo "2706"]
[BlackElo "2579"]
[TimeControl "180+1"]
[EndTime "15:43:46 PDT"]
[Termination "subham777 won by checkmate"]

1. e4 e6 2. d4 d5 3. Bd3 dxe4 4. Bxe4 Nf6 5. Bf3 Be7 6. Ne2 O-O 7. Be3 Nbd7 8. Nbc3 c5 9. O-O cxd4 10. Qxd4 Nb6 11. Rad1 Qxd4 12. Bxd4 Rd8 13. Nb5 Bd7 14. Nxa7 Nfd5 15.
Nc3 Bf6 16. Nab5 Bxb5 17. Nxb5 Bxd4 18. Rxd4 Rxa2 19. c4 Rxb2 20. Nc3 Rb4 21. Be2 Rc8 22. Na2 Rb2 23. cxd5 Rxe2 24. Nb4 exd5 25. Nxd5 Nxd5 26. Rxd5 Re7 27. g3 g6 28. Rb1 Rec7 29. Kg2 Kg7 30.
h4 h5 31. Rd3 Rb8 32. Rb6 Rc6 33. Rb4 b5 34. Rd7 Rcb6 35. Rf4 Rf6 36. Rb4 Rfb6 37. f3 R8b7 38. Rd8 Rb8 39. Rd7 R6b7 40. Rd6 f6 41. g4 hxg4 42. fxg4 Rc8 43. g5 fxg5 44.
hxg5 Rc5 45. Rg4 b4 46. Kh3 b3 47. Rd1 b2 48. Rb4 Rc3+ 49. Kh2 Rxb4 50. Rd7+ Kf8 51.
Rd8+ Ke7 52. Rb8 Rc2+ 53. Kh3 Rxb8 54. Kg3 Rb3+ 55. Kg4 Rc4# 0-1

[Event "Late-Titled-Tuesday-Blitz-June-04-2024"]
[Site "Chess.com"]
[Date "2024.06.04"]
[Round "9"]
[White "Shankland"]
[Black "Duhless"]
[Result "0-1"]
[WhiteElo "2970"]
[BlackElo "3109"]
[TimeControl "180+1"]
[EndTime "15:43:48 PDT"]
[Termination "Duhless won by resignation"]

1. d4 d5 2. c4 e6 3. Nc3 Nf6 4. Bg5 Be7 5. e3 h6 6. Bh4 O-O 7. Rc1 b6 8. cxd5 Nxd5 9. Nxd5 exd5 10.
Bxe7 Qxe7 11. Bd3 c5 12. dxc5 bxc5 13. Ne2 Nd7 14. O-O Nf6 15. Qc2 c4 16. Bf5 Bxf5 17.
Qxf5 Rab8 18. Rc2 Rb6 19. Nd4 g6 20. Qf3 Ne4 21. b3 Rc8 22. Rfc1 Rb7 23. Qh3 Rbc7 24. bxc4 dxc4 25. Qxh6 Qf6 26. Qh3 c3 27. Qf3 Qe5 28. Qe2 Rc4 29. Qd3 Qd5 30. Qe2 Nf6 31. Qf3 Qe5 32. h3 Nd5 33. a3 Ra4 34. Rd1 Rxa3 35. Nb5 Ra5 36. Qxd5 Rxb5 37. Qxe5 Rxe5 38. Ra1 a5 39. Kf1 Rec5 40. Ke2 Kf8 41. Kd1 Rd5+ 42. Kc1 Rcd8 43. Kb1 Rd1+ 44. Ka2 R8d2 45. Rxd1 Rxc2+ 46. Kb3 Rxf2 47. Kxc3 Rxg2 48. Ra1 Rg5 49. Kd4 Rh5 50. e4 Kg7 51. Ra3 Kf6 52. Rf3+ Ke6 53. Rb3 Kf6 54.
Rf3+ Kg7 55. Rb3 a4 56. Ra3 Ra5 57. e5 g5 58. Rg3 Kh6 59. Rf3 a3 60. Rf6+ Kg7 61.
Rf1 a2 62. Ra1 Kg6 0-1

[Event "Late-Titled-Tuesday-Blitz-June-04-2024"]
[Site "Chess.com"]
[Date "2024.06.04"]
[Round "9"]
[White "KNVB"]
[Black "frederiksvane"]
[Result "0-1"]
[WhiteElo "2778"]
[BlackElo "2905"]
[TimeControl "180+1"]
[EndTime "15:43:52 PDT"]
[Termination "frederiksvane won by checkmate"]

1. e4 e6 2. c3 d5 3. Nf3 dxe4 4. Qa4+ Bd7 5. Qxe4 Bc6 6. Qe3 Nf6 7. Ne5 Bd6 8.
Nxc6 Nxc6 9. Be2 O-O 10. d3 a5 11. a4 Ne7 12. O-O c6 13. Nd2 Qc7 14. g3 b5 15. Bf3 Rab8 16. Qe2 Ned5 17. Ne4 Nxe4 18.
dxe4 Nf6 19. Re1 Be5 20. Bg2 b4 21. f4 Bd6 22. e5 Bc5+ 23. Kh1 Nd5 24. c4 Ne7 25.
Be3 Bxe3 26. Qxe3 c5 27. Be4 Rfd8 28. Rad1 g6 29. b3 h5 30. Kg2 Kg7 31. Qg1 Qb6 32.
Qe3 Nc6 33. Bxc6 Qxc6+ 34. Qf3 Qc7 35. Kf2 Rxd1 36. Rxd1 Rd8 37. Rxd8 Qxd8 38. Qe3 Qd1 39. h3 Qc2+ 40. Kg1 Qb1+ 41. Kg2 Qb2+ 42. Kg1 Qc3 43.
Kf2 Qc2+ 44. Kg1 Qd1+ 45. Kg2 Kg8 46. Kh2 Qc2+ 47. Kg1 Qb2 48. Kh1 Qc3 49. Qe4 Qxb3 50. Qa8+ Kg7 51. Qd8 Qc2 52. Qf6+ Kg8 53. Qd8+ Kh7 54.
Qf8 Qf5 55. Qxc5 b3 56. Kg2 b2 57. g4 Qe4+ 58. Kg3 b1=Q 59. Qf8 Qbe1+ 60. Kh2 Q4h1# 0-1

[Event "Late-Titled-Tuesday-Blitz-June-04-2024"]
[Site "Chess.com"]
[Date "2024.06.04"]
[Round "9"]
[White "fpawn"]
[Black "Michalczak"]
[Result "0-1"]
[WhiteElo "2428"]
[BlackElo "2520"]
[TimeControl "180+1"]
[EndTime "15:43:52 PDT"]
[Termination "Michalczak won by resignation"]

1. e4 c5 2. Nc3 d6 3. g3 g6 4. Bg2 Bg7 5. d3 Nc6 6. f4 Nf6 7. h3 O-O 8. Nf3 Rb8 9. O-O b5 10. Ne2 Bb7 11. g4 b4 12. Ng3 a5 13. Rb1 a4 14.
Be3 Qc7 15. Qd2 a3 16. b3 Nd7 17. Qf2 e6 18. Rfd1 Rbc8 19. h4 Nd4 20. h5 Nxf3+ 21.
Bxf3 d5 22. e5 d4 23. Bd2 Bxf3 24. Qxf3 f6 25. exf6 Nxf6 26. hxg6 hxg6 27. Rf1 Nd5 28. Rbe1 Qf7 29. Ne4 Rc6 30. Ng5 Qd7 31. Qh1 Bf6 32.
Ne4 Qh7 33. Qxh7+ Kxh7 34. Kg2 Kg7 35. Rh1 Bd8 36. Ref1 Bc7 37. Ng5 Bxf4 38. Bxf4 Rxf4 39. Rxf4 Nxf4+ 40. Kf3 Nd5 41. Rh7+ Kf6 42. Ne4+ Ke5 43.
g5 Nc3 44. Nxc3 dxc3 45. Rf7 Rc8 46. Rf6 Rg8 47. Ke3 Rg7 48. Kf3 Rg8 49. Ke3 Rh8 50. Rxg6 Rh3+ 51. Ke2 Rh2+ 52. Kd1 Kf5 53. Rg8 Kf4 54.
Re8 e5 55. g6 Rg2 56. Ke1 Rxg6 57. Kf2 Rh6 58. Rf8+ Kg4 59. Ke3 Rh2 60. Ke4 Rxc2 61.
Rg8+ Kh3 62. Kf3 Kh2 63. Rh8+ Kg1 64. Rg8+ Kf1 65. Rh8 Rf2+ 66. Ke3 Re2+ 67. Kf3 Rf2+ 68. Ke3 Ke1 69. Rh1+ Rf1 70. Rh2 Kd1 71. Ke4 Re1+ 72. Kd5 c2 0-1

[Event "Late-Titled-Tuesday-Blitz-June-04-2024"]
[Site "Chess.com"]
[Date "2024.06.04"]
[Round "9"]
[White "ural58"]
[Black "rdarruda"]
[Result "0-1"]
[WhiteElo "2419"]
[BlackElo "2517"]
[TimeControl "180+1"]
[EndTime "15:43:53 PDT"]
[Termination "rdarruda won on time"]

1. e4 c5 2. b3 e6 3. Nf3 Nc6 4. Bb2 d6 5. d4 cxd4 6. Nxd4 Nf6 7. Nxc6 bxc6 8. e5 Nd5 9. c4 Nf4 10. g3 Ng6 11. Bg2 d5 12. O-O Be7 13. h4 h6 14.
h5 Nf8 15. Nc3 Nh7 16. f4 Rb8 17. Qd2 Qb6+ 18. Kh2 dxc4 19. Na4 Qb5 20. Rfc1 c5 21.
Rxc4 Bb7 22. Rd1 Bxg2 23. Qxg2 O-O 24. Nc3 Qb6 25. Rd7 Rfe8 26. Na4 Qa6 27. Qd2 Nf8 28. Rd3 Red8 29. Ba3 Rxd3 30. Qxd3 Rd8 31. Qe3 Nd7 32. Rc2 Nb6 33. Bxc5 Bxc5 34. Nxc5 Qf1 35. Rf2 Qd1 36. Qe2 Qb1 37. Ne4 Rd1 38. Nc3 Rh1+ 39.
Kg2 Qg1+ 40. Kf3 Qc1 41. Qd2 Qa1 42. Ne4 Nd5 43. Qb2 Qd1+ 44. Qe2 Qb1 45. Qc2 Qg1 46.
Qd2 Rxh5 47. Rg2 Qf1+ 48. Rf2 Qh1+ 49. Rg2 Rh2 50. Qf2 Ne3 51. Kxe3 Rxg2 52. Qf3 Qg1+ 53.
Kd3 Qb1+ 54. Kc3 Rc2+ 55. Kb4 Qxa2 56. Nc5 a5+ 0-1

[Event "Late-Titled-Tuesday-Blitz-June-04-2024"]
[Site "Chess.com"]
[Date "2024.06.04"]
[Round "9"]
[White "DeTimmerman"]
[Black "dropstoneDP"]
[Result "1-0"]
[WhiteElo "2790"]
[BlackElo "2940"]
[TimeControl "180+1"]
[EndTime "15:44:00 PDT"]
[Termination "DeTimmerman won by resignation"]

1. b4 Nf6 2. Bb2 g6 3. c4 Bg7 4. a4 O-O 5. b5 c6 6. e3 d5 7. Nf3 Bg4 8. Be2 dxc4 9. Bxc4 cxb5 10. axb5 Nbd7 11. O-O Nc5 12. d4 Nfe4 13. Be2 a6 14.
Nfd2 Bxe2 15. Qxe2 axb5 16. Rxa8 Qxa8 17. dxc5 Nxd2 18.
Qxd2 Rd8 19. Qc2 Qa2 20. Nc3 Qc4 21. Qc1 b4 22. Na4 Qxc1 23. Rxc1 Ra8 24. Bxg7 Kxg7 25. Nb2 Ra3 26. Kf1 Kf6 27. Ke2 Ra2 28. Rc2 Ke6 29. Rd2 g5 30. Kd1 b3 31. Ke2 Ra5 32.
Nd3 Kd5 33. Nc1+ Kc4 34. Rd4+ Kc3 35. Rd3+ Kc4 36. Nxb3 Ra2+ 37. Nd2+ Kxc5 38. Rd7 b5 39. Rxe7 b4 40. Rxf7 b3 41. Rb7 b2 42. Kd3 Kc6 43. Rb8 g4 44. Kc3 Ra1 45. Rxb2 Rh1 46. Ne4 Rxh2 47.
g3 Kd5 48. Kd3 h5 49. Rb5+ Ke6 50. Kd4 Rh1 51. Re5+ Kf7 52. Nd6+ Kf6 53. Ke4 h4 54. gxh4 Rxh4 55. Kd5 Kg6 56. Ne4 Kh6 57. Rg5 g3 58. Rxg3 Rh1 59. Ke5 Ra1 60. f4 Ra5+ 61. Ke6 Ra6+ 62.
Nd6 Kh5 63. f5 Ra3 64. f6 Ra8 65. f7 Kh6 66. Rg8 1-0